 Dungeon Sprint DCSS version 0.17-a0-1951-g62301d3 (webtiles) character file.

112 kosy22 the Ruffian (level 4, -8/48 HPs)
             Began as a Troll Monk on Oct 2, 2015.
             Was the Champion of Jiyva.
             Mangled by a troll (10 damage)
             ... in the Dungeon (Sprint IX: "|||||||||||||||||||||||||||||").
             The game lasted 00:01:55 (111 turns).

kosy22 the Ruffian (Troll Monk)                      Turns: 111, Time: 00:01:56

Health: -8/48      AC:  6    Str: 23    XL:     4   Next: 63%
Magic:  1/3        EV: 11    Int:  9    God:    Jiyva [******]
Gold:   0          SH:  0    Dex: 12    Spells: 0 memorised, 3 levels left

rFire  . . .     SeeInvis +     m - +11 morningstar "Eos" {elec, -Tele rElec SInv}
rCold  . . .     Clarity  .     a - +0 robe
rNeg   . . .     SustAt   .     (no shield)
rPois  .         Gourm    +     (helmet restricted)
rElec  +         Spirit   .     (no cloak)
rCorr  +         Warding  .     (gloves unavailable)
rMut   .         NoTele   +     (boots unavailable)
MR     .....                    (no amulet)
Stlth  ++........               n - +3 ring of intelligence
                                o - +3 ring of strength

@: not resistant to hostile enchantments, unstealthy
A: unfitting armour, claws 3, fast metabolism 3, gourmand, high mp 1,
regeneration 2, shaggy fur 2, spit poison 1, tough skin 2, translucent skin 1
a: Spit Poison, Request Jelly, Jelly Paralyse, Slimify, Cure Bad Mutation,
Renounce Religion


You were in the Dungeon.
You worshipped Jiyva.
Jiyva was exalted by your worship.
You were not hungry.

You visited 1 branch

Inventory:

Hand weapons
 m - the +11 morningstar "Eos" (weapon) {elec, -Tele rElec SInv}
   (You found it in the Dungeon)

   Occasionally, upon striking a foe, it will discharge some electrical energy
   and cause terrible harm.
   It insulates you from electricity.
   It lets you see invisible.
   It prevents most forms of teleportation.
Armour
 a - a +0 robe (worn)
Jewellery
 n - a +3 ring of intelligence (right claw)
 o - a +3 ring of strength (left claw)
Magical devices
 l - a wand of fire (7)
Scrolls
 h - 2 scrolls of blinking
 j - 3 scrolls of remove curse
 k - 2 scrolls of amnesia
Potions
 c - 5 potions of curing
 d - 3 potions of heal wounds
 e - a potion of haste
 f - 4 potions of magic
 g - a potion of berserk rage
 i - a potion of invisibility
Comestibles
 b - 2 bread rations


   Skills:
 + Level 4.3 Fighting
 + Level 4.3 Dodging
 + Level 1.6 Stealth
 + Level 7.8 Unarmed Combat


You had 3 spell levels left.
You didn't know any spells.

Dungeon Overview and Level Annotations

Branches:
Dungeon (1/1)

Altars:
Cheibriados
Dithmenos
Elyvilon
Fedhas
Gozag
Kikubaaqudgha
Makhleb
Nemelex Xobeh
Okawaru
Qazlal
Ru
Sif Muna
Trog
Vehumet
Xom
Yredelemnul
Zin
The Shining One
Beogh
Jiyva
Lugonu


Innate Abilities, Weirdness & Mutations

You are too large for most types of armour.
You have claws for hands.
Your metabolism is lightning-fast.
You like to eat raw meat.
You heal very quickly.
You are covered in thick fur (AC +2).
You have very tough skin (AC +2).
You have an increased reservoir of magic (+10% MP).
You can spit weak poison.
Your skin is partially translucent (Stealth, -foe acc).


Message History

You closely miss the troll. The troll bites you. The troll closely misses you.
The troll misses you. The troll closely misses you.
The troll barely misses you. The troll claws you.
You puncture the troll!
The troll is lightly wounded.
The troll bites you! The troll claws you.
The troll claws you but does no damage.
You puncture the troll!
The troll is heavily wounded.
The troll bites you. The troll claws you!
* * * LOW HITPOINT WARNING * * *
The troll barely misses you. The troll closely misses you. The troll claws you!
* * * LOW HITPOINT WARNING * * *
The troll claws you but does no damage.
Use which ability?
You don't have enough magic capacity.
Use which ability?
You feel slightly more hungry. The troll completely misses you.
The troll claws you!
You die...

▓.▓
▓.▓
▓.▓
▓.▓
▓.▓
▓.▓
▓J▓
▓J▓
▓@▓
▓T▓
▓W▓
▓o▓
▓F▓
▓Y▓
▓.▓
▓+▓


You could see a troll, a wraith, an orc warrior, an ice beast, a giant frog and
2 neutral jellies (fellow slime).

Vanquished Creatures
  A giant frog (D)
  An iguana (D)
  An adder (D)
  An orc (D)
  A ball python (D)
  2 giant cockroaches (D)
  A goblin (D)
  A hobgoblin (D)
  A bat (D)
  A giant gecko skeleton (D)
11 creatures vanquished.

Notes
Turn   | Place    | Note
--------------------------------------------------------------
     0 | D        | kosy22 the Troll Monk began the quest for the Orb.
     0 | D        | Reached XP level 1. HP: 22/22 MP: 0/0
    29 | D        | Noticed an iguana
    31 | D        | Reached skill level 5 in Unarmed Combat
    31 | D        | Reached XP level 2. HP: 22/31 MP: 1/1
    33 | D        | Killed an iguana
    33 | D        | Reached skill level 6 in Unarmed Combat
    33 | D        | Reached XP level 3. HP: 27/37 MP: 2/2
    50 | D        | Found a glowing silver altar of Zin.
    50 | D        | Found a glowing golden altar of the Shining One.
    50 | D        | Found an ancient bone altar of Kikubaaqudgha.
    50 | D        | Found a basalt altar of Yredelemnul.
    50 | D        | Found a shimmering altar of Xom.
    50 | D        | Found a radiant altar of Vehumet.
    51 | D        | Found an iron altar of Okawaru.
    52 | D        | Found a burning altar of Makhleb.
    53 | D        | Found a deep blue altar of Sif Muna.
    54 | D        | Found a bloodstained altar of Trog.
    55 | D        | Found a sparkling altar of Nemelex Xobeh.
    56 | D        | Found a white marble altar of Elyvilon.
    57 | D        | Found a roughly hewn altar of Beogh.
    58 | D        | Found a viscous altar of Jiyva.
    59 | D        | Found a corrupted altar of Lugonu.
    60 | D        | Found a blossoming altar of Fedhas.
    61 | D        | Found a snail-covered altar of Cheibriados.
    62 | D        | Found a shadowy altar of Dithmenos.
    63 | D        | Found a stormy altar of Qazlal.
    64 | D        | Found an opulent altar of Gozag.
    65 | D        | Found a sacrificial altar of Ru.
    66 | D        | Became a worshipper of Jiyva Jyhos the Shapeless
    66 | D        | Acquired Jiyva's first power
    66 | D        | Acquired Jiyva's second power
    90 | D        | Gained mutation: You can spit weak poison. [Jiyva's grace]
    90 | D        | Acquired Jiyva's third power
    90 | D        | Lost mutation: You can spit weak poison. [Jiyva's grace]
    91 | D        | Acquired Jiyva's fourth power
    91 | D        | Gained mutation: Your spells are a little harder to cast, but a little more powerful. [Jiyva's grace]
    91 | D        | Gained mutation: You are covered in thick fur (AC +2). [Jiyva's grace]
    91 | D        | Lost mutation: Your spells are a little harder to cast, but a little more powerful. [Jiyva's grace]
    92 | D        | Gained mutation: Your skin is partially translucent (Stealth, -foe acc). [Jiyva's grace]
    96 | D        | Gained mutation: You have an increased reservoir of magic (+10% MP). [Jiyva's grace]
   101 | D        | Gained mutation: You can breathe flames. [Jiyva's grace]
   102 | D        | Lost mutation: You can breathe flames. [Jiyva's grace]
   102 | D        | Gained mutation: You can spit weak poison. [Jiyva's grace]
   105 | D        | Noticed a giant frog
   105 | D        | Noticed a troll
   105 | D        | Noticed a wraith
   105 | D        | Noticed an orc warrior
   105 | D        | Noticed a giant frog
   105 | D        | Noticed an ice beast
   107 | D        | Killed a giant frog
   107 | D        | Reached skill level 7 in Unarmed Combat
   107 | D        | Reached XP level 4. HP: 44/48 MP: 3/3
   110 | D        | HP: 2/48 [troll (9)]
   111 | D        | Mangled by a troll

Vault maps used:
D:        linesprint

Action                   |  1- 3 |  4- 6 || total
-------------------------+-------+-------++-------
Melee: Unarmed           |    23 |       ||    23
       Morningstar       |     1 |     3 ||     4
Invok: Request Jelly     |     1 |     1 ||     2
